 Dungeon Crawl Stone Soup version 0.26-a0-652-gafc20e3620 (webtiles) character file.

Game seed: 15896363528787211314

76 Kraken2834 the Chopper (level 4, -6/41 HPs)
             Began as a Hill Orc Monk on Oct 1, 2020.
             Killed from afar by Sigmund (9 damage)
             ... with a magic dart
             ... on level 2 of the Dungeon.
             The game lasted 00:06:16 (1476 turns).

Kraken2834 the Chopper (Hill Orc Monk)              Turns: 1476, Time: 00:06:16

Health: -6/41      AC:  2    Str: 14    XL:     4   Next: 32%
Magic:  4/4        EV: 13    Int: 10    God:
Gold:   73         SH:  0    Dex: 13    Spells: 3/3 levels left

rFire    . . .     SeeInvis .   a - +0 hand axe
rCold    . . .     Faith    .   (no shield)
rNeg     . . .     Spirit   .   b - +0 robe
rPois    .         Reflect  .   (no helmet)
rElec    .         Harm     .   (no cloak)
rCorr    .         Rampage  .   (no gloves)
MR       .....                  (no boots)
Stlth    ++........             (no amulet)
HPRegen  0.13/turn              (no ring)
MPRegen  0.09/turn              (no ring)

@: stab
A: no striking features
a: no special abilities


You were on level 2 of the Dungeon.
You visited 1 branch of the dungeon, and saw 2 of its levels.

You collected 73 gold pieces.

Inventory:

Hand Weapons
 a - a +0 hand axe (weapon)
Armour
 b - a +0 robe (worn)
Scrolls
 d - 2 scrolls of teleportation
 e - a scroll of remove curse
 h - a scroll of magic mapping
Potions
 c - a potion of invisibility


   Skills:
 + Level 4.8 Fighting
 + Level 5.6 Axes
 - Level 2.4 Dodging
 - Level 1.5 Stealth


You had 3 spell levels left.
You didn't know any spells.
Your spell library contained the following spells:

 Spells                   Type           Power        Failure   Level
 Confusing Touch          Hex            #.......     75%         3
 Gell's Gravitas          Tloc           #.........   75%         3
 Petrify                  Tmut/Erth      #.......     98%         4
 Metabolic Englaciation   Hex/Ice        #.........   100%        5
 Yara's Violent Unravell  Hex/Tmut       #.........   100%        5


Dungeon Overview and Level Annotations

Branches:
Dungeon (2/15)

Altars:
Jiyva

Annotations:
D:2 Sigmund


Message History

Sigmund is moderately wounded.
You hit Sigmund.
Sigmund is moderately wounded.
Sigmund hits you with a +0 vampiric scythe!
* * * LOW HITPOINT WARNING * * *
Sigmund draws strength from your wounds!
You slash Sigmund!
Sigmund is moderately wounded.
Sigmund closely misses you.
You closely miss Sigmund.
Sigmund is moderately wounded.
You hit Sigmund.
Sigmund is heavily wounded.
Sigmund closely misses you.
You hit Sigmund.
Sigmund is heavily wounded.
Sigmund laughs darkly.
Sigmund points at you and mumbles some strange words.
The magic dart hits you!
You die...

##......#.#.'......#
.....#....#.#......#
......#####.####.###
..b............#+###
...................#
...................#
...................#
....#.....####.#.###
....#.#...####..@######
....#+#.........@.....#
***,,,..#.#...........#
,,*,,,,,,,#...........#
,,*,,,,,**#...†.†.....#
*+*,,,,,* #.).........#
*,,,,,,,###.......)...#
*,,,,,,,+.............#
*,,,,,,,###...........#


You could see Sigmund.

Vanquished Creatures
  A howler monkey (D:2)
  2 adders (D:2)
  3 dart slugs (D:1)
  A leopard gecko (D:1)
  A giant cockroach (D:2)
  A goblin (D:1)
  2 hobgoblins (D:2)
  2 bats
  A frilled lizard (D:1)
  A kobold (D:2)
  A rat (D:2)
16 creatures vanquished.

Notes
Turn   | Place    | Note
-------+----------+-------------------------------------------
     0 | D:1      | Kraken2834 the Hill Orc Monk began the quest for the Orb.
     0 | D:1      | Reached XP level 1. HP: 19/19 MP: 1/1
   292 | D:1      | Reached XP level 2. HP: 24/27 MP: 2/2
   428 | D:1      | Found a viscous altar of Jiyva.
   936 | D:2      | Reached XP level 3. HP: 31/33 MP: 3/3
  1390 | D:2      | Reached skill level 5 in Axes
  1455 | D:2      | Noticed Sigmund
  1458 | D:2      | Reached XP level 4. HP: 13/41 MP: 4/4
  1476 | D:2      | Killed from afar by Sigmund

Illustrated notes

Levels and vault maps discovered:
D:1:      erik_arrival_cave_to_civilisation [erik_arrival_cave_to_temple],
          layout_basic
D:2:      layout_basic, supply_closet_lemuel, nicolae_ru_path_of_blood,
          uniq_sigmund, uniq_terence

Skill      XL: |  1  2  3 |
---------------+----------+-----
Fighting       | 4 |  4.8
Axes           | 5 |  5.6
Dodging        | |  2.4
Stealth        | |  1.5

Action                   |  1- 3 |  4- 6 || total
-------------------------+-------+-------++-------
Melee: Hand axe          |    66 |    10 ||    76
  Use: Scroll            |     5 |       ||     5
       Potion            |     4 |     1 ||     5
 Stab: Sleeping          |     3 |       ||     3
Armor: Robe              |     9 |       ||     9
Dodge: Dodged            |    41 |     5 ||    46

Table legend: (Time is in decaauts)
 A = Elapsed time spent in this place.
 B = Non-inter-level travel time spent in this place.
 C = Inter-level travel time spent in this place.
 D = Time resting spent in this place.
 E = Time spent auto-exploring this place.
 F = Levels seen in this place.
 G = Mean time per level.
                   A        B        C        D        E       F      G
               +--------+--------+--------+--------+--------+-----+--------+
         Total |   1479 |   1468 |     11 |    335 |    934 |   2 |  739.5 |
       Dungeon |   1479 |   1468 |     11 |    335 |    934 |   2 |  739.5 |
               +--------+--------+--------+--------+--------+-----+--------+

Top non-repeatable levels by time:
     D:1: 861 daAuts
     D:2: 618 daAuts
